Map: Inside and Out

Players

Zoun - Winner!

  • Race: Protoss Protoss
  • Spawn Location: 7:00

Jieshi

  • Race: Protoss Protoss
  • Spawn Location: 1:00

Event: DreamHack SC2 Masters 2022 Atlanta (Offline)

VOD

Have the link to the VOD?

Description

Time

  • Played on: Nov. 18, 2022, 3:39 p.m.
  • Length: 9:17

All games in this series

Show
View Real Time Build Order
Export as new Build Order

Zoun Protoss - Winner!

Build Orders: Blink Stalkers 

Get SALT Encoding   

  12  0:00  Probe  
  13  0:12  Probe  
  14  0:17  Pylon  
  14  0:24  Probe (Chrono Boost)  
  15  0:36  Probe (Chrono Boost)  
  15  0:37  Gateway  
  16  0:44  Probe (Chrono Boost)  
  16  0:46  Assimilator  
  17  0:50  Probe  
  18  1:03  Probe  
  19  1:15  Probe  
  20  1:22  Pylon  
  20  1:24  Cybernetics Core, Assimilator  
  20  1:25  Zealot  
  22  1:27  Probe  
  23  1:40  Probe (Chrono Boost)  
  24  1:50  Probe (Chrono Boost), Pylon  
  25  1:55  Probe (Chrono Boost)  
  25  2:01  Adept (Chrono Boost)  
  28  2:03  Warp Gate (Chrono Boost)  
  28  2:14  Nexus  
  28  2:27  Stalker (Chrono Boost)  
  28  2:28  Pylon  
  30  2:35  Probe  
  30  2:40  Gateway  
  30  2:48  Probe  
  33  2:51  Sentry  
  33  2:58  Shield Battery  
  33  3:03  Probe  
  34  3:11  Twilight Council  
  34  3:15  Probe  
  35  3:26  Probe  
  36  3:29  Probe  
  36  3:33  Gateway  
  37  3:38  Probe  
  38  3:41  Shield Battery, Probe  
  39  3:49  Stalker x2  
  39  3:54  Blink (Chrono Boost)  
  39  3:55  Probe  
  44  3:57  Probe  
  44  3:59  Pylon  
  45  4:08  Probe  
  46  4:13  Stalker  
  46  4:14  Probe  
  49  4:19  Stalker  
  51  4:25  Probe  
  51  4:26  Probe  
  51  4:27  Stalker  
  55  4:35  Robotics Facility  
  55  4:37  Stalker  
  57  4:43  Stalker  
  59  4:48  Probe  
  59  4:51  Probe  
  58  4:57  Stalker  
  59  5:00  Probe  
  59  5:03  Stalker  
  59  5:07  Pylon  
  62  5:22  Probe  
  62  5:24  Warp Prism  
  63  5:32  Probe  
  63  5:34  Probe  
  59  5:44  Probe  
  59  5:46  Probe  
  61  5:56  Probe  
  62  5:59  Probe  
  62  6:00  Observer  
  62  6:03  Stalker  
  66  6:07  Pylon  
  66  6:08  Probe  
  66  6:09  Forge  
  66  6:11  Probe  
  68  6:20  Probe  
  68  6:23  Probe  
  70  6:28  Stalker x3  
  76  6:33  Pylon  
  76  6:34  Assimilator  
  76  6:41  Nexus  
  76  6:45  Charge (Chrono Boost)  
  76  6:46  Probe  
  77  6:48  Pylon  
  77  6:49  Probe  
  78  6:54  Observer  
  78  6:58  Probe  
  78  7:00  Protoss Ground Weapons Level 1 (Chrono Boost)  
  78  7:01  Probe, Pylon  
  80  7:11  Probe  
  80  7:12  Observer x2 (Chrono Boost)  
  80  7:13  Shield Battery, Probe  
  83  7:16  Photon Cannon  
  83  7:21  Observer  
  81  7:23  Probe  
  81  7:25  Probe  
  83  7:30  Immortal (Chrono Boost)  
  83  7:32  Pylon  
  83  7:35  Probe  
  88  7:37  Probe  
  89  7:46  Stalker x3  
  89  7:47  Probe  
  89  7:49  Probe  
  97  7:53  Photon Cannon  
  97  7:57  Gateway  
  97  7:58  Gateway  
  97  8:01  Gateway  
  97  8:04  Gateway  
  97  8:10  Stalker x2  
  98  8:32  Probe x2  
  99  8:37  Stalker x2  
  99  8:39  Stalker  
  105  8:46  Gateway  
  105  8:47  Probe x2  
  107  8:48  Gateway  
  107  8:52  Zealot x2  
  111  8:56  Pylon  
  111  8:57  Zealot, Pylon  
  111  9:00  Zealot x3  
  111  9:02  Zealot  
Show
View Real Time Build Order
Export as new Build Order

Jieshi Protoss 

Build Orders:  

Get SALT Encoding   

  12  0:00  Probe  
  13  0:13  Probe  
  14  0:17  Pylon  
  14  0:25  Probe (Chrono Boost)  
  15  0:37  Probe (Chrono Boost)  
  15  0:38  Gateway  
  16  0:44  Probe (Chrono Boost)  
  16  0:48  Assimilator  
  17  0:51  Probe  
  18  1:03  Probe  
  19  1:15  Probe  
  20  1:20  Pylon  
  20  1:24  Pylon  
  20  1:26  Cybernetics Core  
  20  1:27  Zealot  
  20  1:29  Probe  
  23  1:42  Probe  
  23  1:54  Probe  
  23  2:00  Stalker (Chrono Boost)  
  24  2:05  Warp Gate (Chrono Boost)  
  24  2:06  Probe  
  27  2:11  Nexus  
  27  2:18  Probe  
  28  2:23  Assimilator  
  28  2:24  Stalker (Chrono Boost)  
  30  2:30  Probe  
  30  2:36  Pylon  
  31  2:54  Probe, Stalker  
  34  2:59  Gateway  
  34  3:06  Probe  
  34  3:08  Gateway  
  35  3:18  Gateway  
  35  3:23  Shield Battery  
  35  3:26  Probe  
  35  3:33  Probe  
  36  3:39  Probe  
  37  3:45  Probe  
  38  3:51  Probe  
  38  3:52  Stalker  
  41  3:55  Stalker  
  41  3:57  Probe  
  44  4:03  Probe, Stalker  
  44  4:09  Probe  
  48  4:15  Probe  
  49  4:23  Adept  
  49  4:24  Adept  
  53  4:27  Probe, Pylon  
  53  4:29  Pylon  
  54  4:35  Pylon  
  54  4:44  Robotics Facility  
  54  4:45  Twilight Council, Probe x2  
  52  4:56  Adept x4  
  52  4:58  Probe  
  52  4:59  Probe  
  60  5:05  Assimilator  
  60  5:12  Probe x2  
  56  5:26  Probe x2  
  58  5:29  Immortal (Chrono Boost)  
  58  5:32  Adept  
  58  5:33  Adept x2  
  58  5:42  Gateway  
  58  5:43  Gateway  
  58  5:49  Pylon  
  58  5:51  Sentry  
  56  5:59  Gateway  
  56  6:00  Immortal (Chrono Boost)  
  54  6:09  Dark Shrine, Stalker  
  54  6:10  Assimilator  
  56  6:12  Pylon  
  56  6:17  Stalker  
  58  6:25  Stalker, Pylon  
  60  6:29  Warp Prism (Chrono Boost)  
  62  6:34  Blink (Chrono Boost)  
  62  6:45  Probe, Pylon  
  62  6:46  Probe  
  64  6:50  Pylon  
  64  6:55  Observer (Chrono Boost)  
  65  7:05  Stalker x4  
  70  7:08  Probe  
  70  7:09  Probe  
  70  7:20  Probe  
  70  7:21  Probe  
  76  7:28  Cybernetics Core  
  75  7:30  Dark Templar  
  75  7:31  Dark Templar  
  75  7:43  Dark Templar  
  77  7:50  Dark Templar  
  79  7:52  Probe x2  
  81  8:00  Observer (Chrono Boost)  
  81  8:04  Probe  
  81  8:05  Nexus, Probe  
  84  8:06  Pylon  
  82  8:24  Probe x2  
  80  8:31  Shield Battery  
  76  8:36  Probe x2  
  76  8:40  Forge, Stalker x3  
  84  8:42  Gateway  
  84  8:46  Shield Battery, Gateway  
  84  8:48  Probe x2  
  86  8:54  Pylon  
  86  8:56  Assimilator  
  86  9:00  Probe x2  
  86  9:01  Assimilator  
  76  9:11  Stalker x2  
Tags
 
Add a new tag
Caveats
  • Supply blocks, unpowered buildings, or Contaminate may cause inaccurate times.
  • Supply counts are checked every 10 seconds.